 Dungeon Crawl Stone Soup version 0.21.0-25-ge575cb9 (webtiles) character file.

10068 Gorglomux the Destroyer (level 11, 0/54 HPs)
             Began as a Tengu Fire Elementalist on Jan 24, 2018.
             Was a Priest of Vehumet.
             Slain by a centaur warrior
             ... wielding a +0 quarterstaff
              (7 damage)
             ... on level 10 of the Dungeon.
             The game lasted 00:30:05 (13177 turns).

Gorglomux the Destroyer (Tengu Fire Elementalist)  Turns: 13177, Time: 00:30:06

Health: 0/54       AC:  5    Str:  8    XL:     11   Next: 56%
Magic:  12/25      EV: 13    Int: 19    God:    Vehumet [***...]
Gold:   541        SH:  0    Dex: 15    Spells: 16/29 levels left

rFire    + . .     SeeInvis .   B - staff of fire
rCold    . . .     Gourm    .   (no shield)
rNeg     . . .     Faith    +   a - +0 robe
rPois    .         Spirit   .   (helmet restricted)
rElec    .         Reflect  .   O - +2 cloak
rCorr    .         Harm     .   (no gloves)
MR       ++...                  (boots unavailable)
Stlth    ++........             S - amulet of faith
HPRegen  0.18/turn              Z - ring of protection from magic
MPRegen  0.19/turn              m - ring of protection from magic

@: no status effects
A: beak, talons 3, able to fly 1
a: Fly, Renounce Religion


You were on level 10 of the Dungeon.
You worshipped Vehumet.
Vehumet was most pleased with you.
You were not hungry.

You visited 2 branches of the dungeon, and saw 11 of its levels.
You also visited: Ossuary.

You collected 541 gold pieces.

Inventory:

Hand Weapons
 M - a +0 spear
Armour
 a - a +0 robe (worn)
 O - a +2 cloak (worn)
Magical Staves
 B - an uncursed staff of fire (weapon)
 K - an uncursed staff of wizardry
Jewellery
 m - a ring of protection from magic (right hand)
 x - an uncursed ring of protection from cold {unknown}
 y - an uncursed ring of resist corrosion {unknown}
 S - an amulet of faith (around neck)
 Z - a ring of protection from magic (left hand)
Wands
 A - a wand of acid (12)
 I - a wand of iceblast (6)
Scrolls
 i - 3 scrolls of fear
 j - a scroll of noise
 E - 2 scrolls of immolation
 F - a scroll of enchant weapon {unknown}
 G - 3 scrolls of remove curse
 H - 2 scrolls of amnesia
 R - 3 scrolls of identify
 T - 3 scrolls of teleportation
 U - a scroll of blinking {unknown}
 V - 6 scrolls of enchant armour
Potions
 d - a potion of invisibility
 g - 2 potions of heal wounds
 n - a potion of degeneration {unknown}
 z - a potion of mutation {!q}
 C - 3 potions of cancellation
 D - 2 potions of brilliance
 J - a potion of lignification
 L - 4 potions of haste
 N - a potion of agility {unknown}
 Q - 6 potions of curing
 W - a potion of ambrosia
 X - a potion of magic {unknown}
 Y - a potion of berserk rage
Books
 b - a book of Flames

   Spells                             Type                      Level
   a - Flame Tongue                   Conjuration/Fire             1
   b - Throw Flame                    Conjuration/Fire             2
   c - Conjure Flame                  Conjuration/Fire             3
   d - Inner Flame                    Hexes/Fire                   3
   e - Sticky Flame                   Conjuration/Fire             4
   f - Fireball                       Conjuration/Fire             5
 P - Sif Muna's Incunabulum of Enthralling Creation
   (You found it on level 10 of the Dungeon)

   Spells                             Type                      Level
   a - Summon Small Mammal            Summoning                    1
   b - Slow                           Hexes                        2
   c - Discord                        Hexes                        8
Comestibles
 c - 11 rations


   Skills:
 - Level 2.1 Dodging
 - Level 2.0 Stealth
 + Level 9.7 Spellcasting
 + Level 13.1 Conjurations
 + Level 11.6 Fire Magic


You had 16 spell levels left.
You knew the following spells:

 Your Spells              Type           Power        Failure   Level  Hunger
a - Flame Tongue          Conj/Fire      #####        1%          1    None
b - Sticky Flame          Conj/Fire      ######..     1%          4    ###....
c - Fireball              Conj/Fire      ######....   1%          5    #####..
j - Conjure Flame         Conj/Fire      ######..     1%          3    None


Dungeon Overview and Level Annotations

Branches:
Dungeon (10/15)            Temple (1/1) D:7
   Lair: D:8-11         Orc: D:9-12

Altars:
Ashenzari
Cheibriados
Dithmenos
Elyvilon
Fedhas
Gozag
Hepliaklqana
Kikubaaqudgha
Makhleb
Nemelex Xobeh
Okawaru
Qazlal
Ru
Sif Muna
Trog
Uskayaw
Vehumet
Wu Jian
Xom
Yredelemnul
Zin
The Shining One

Annotations:
D:7 exclusion: oklob plant
D:10 1 runed door


Innate Abilities, Weirdness & Mutations

You have a beak for a mouth.
You have claws for feet.
You can fly.


Message History

Evoke which item? (* to show all) (? for menu, Butt to quit)
Okay, then!
You feel butt better!
The centaur warrior butts an arrow!
The arrow barely butts you!
The centaur warrior unwields an uncursed enchanted longbow!
The centaur warrior wields an uncursed quarterstaff!
The centaur warrior butts you with an uncursed quarterstaff!!!!!!
You see here 3 arrows!
You eat one of the 12 rations!
That butt really hit the spot!!!
The centaur warrior hits you with an uncursed quarterstaff!!! * * * don't die
* * *
Casting: Fireball
Confirm with ! or Enter, or press ? or * to list butt spells!
Aiming: Fireball
Press: ? - help, Shift-Dir - straight line You feel a surge of power!!!
The fireball explodes!!!
The fireball engulfs the centaur warrior!
The centaur warrior is almost dead!
The centaur warrior hits you with an uncursed quarterstaff!!! rip

...(......#
#######.#.#
#.#.# #.#.#
#.#.# ####
#.#.# ....
#.#.########
####
#.(.........
##.@####.###
#.c#
♣...'..).....}
%..P.#....##.##
#%P.##.....#
#### ........ #
.#.......# #
..........#
##### #
#.......##


You could see a centaur warrior.

Vanquished Creatures
  Erolcha (D:10)
  Fannar (D:10)
  The ghost of HEYYEYAAE the Digger, a novice DgEE (D:9)
  An unseen horror (D:10)
  Joseph (D:7)
  A tengu conjurer (D:10)
  The ghost of Dirian the Slasher, an amateur MiFi of Cheibriados (D:4)
  Grinder (D:5)
  A hippogriff (D:7)
  A wyvern (D:9)
  6 yaks (D:10)
  A hungry ghost (D:7)
  Menkaure (Ossuary)
  A soldier ant (D:8)
  Edmund (D:5)
  A black bear (D:6)
  2 orc warriors (D:10)
  A phantom (D:8)
  3 sky beasts
  2 ice beasts
  2 ogres (D:5)
  4 centaurs
  2 elf zombies (Ossuary)
  2 big kobolds
  6 bullfrogs
  A troll zombie (Ossuary)
  A scorpion (D:3)
  10 wights
  3 killer bees
  2 howler monkeys (D:8)
  A crimson imp (D:5)
  4 centaur zombies
  8 jellies
  2 quasits
  6 hounds
  6 orc priests
  Crazy Yiuf (D:3)
  A bullfrog skeleton (D:7)
  12 orc wizards
  3 centaur skeletons
  An iguana (D:10)
  4 worker ants
  An ogre zombie (Ossuary)
  A hound zombie (D:7)
  6 mummies (Ossuary)
  10 gnolls
  7 adders
  A howler monkey skeleton (D:7)
  2 shadow imps
  16 oozes
  3 adder zombies (Ossuary)
  An adder skeleton (D:6)
  2 worms (D:2)
  A dart slug (D:2)
  6 leopard geckos
  30 orcs
  A ball python (D:1)
  5 giant cockroaches
  7 goblins
  11 hobgoblins
  7 jackals
  19 kobolds
  7 quokkas
  6 bats
  A gnoll zombie (Ossuary)
  3 goblin zombies (Ossuary)
  4 hobgoblin zombies (Ossuary)
  2 jackal zombies (D:5)
  3 kobold zombies (Ossuary)
  A quokka skeleton (D:5)
  A quokka zombie (Ossuary)
  9 rats
  8 rat zombies (Ossuary)
293 creatures vanquished.

Vanquished Creatures (others)
  The ghost of loralnil the Sneak, an amateur VSMo of Qazlal (D:3)
  A leopard gecko (D:3)
  A bat (D:3)
  7 fungi (D:7)
  A plant (D:10)
11 creatures vanquished.

Grand Total: 304 creatures vanquished

Notes
Turn   | Place    | Note
-------+----------+-------------------------------------------
     0 | D:1      | Gorglomux the Tengu Fire Elementalist began the quest for the Orb.
     0 | D:1      | Reached XP level 1. HP: 10/10 MP: 4/4
    90 | D:1      | Reached XP level 2. HP: 15/15 MP: 1/6
   149 | D:1      | Reached skill level 2 in Conjurations
   559 | D:1      | Reached XP level 3. HP: 19/19 MP: 5/7
   564 | D:1      | Learned a level 3 spell: Conjure Flame
  1332 | D:2      | Reached skill level 3 in Conjurations
  1471 | D:2      | Reached XP level 4. HP: 24/24 MP: 6/9
  1840 | D:3      | Found a bloodstained altar of Trog.
  1846 | D:3      | Noticed loralnil's ghost (amateur VSMo)
  2565 | D:3      | HP: 1/24 [orc/whip of pain (5)]
  2773 | D:3      | Reached skill level 3 in Spellcasting
  2862 | D:3      | Found a runed door.
  2919 | D:3      | Killed loralnil's ghost
  3004 | D:3      | Gained mutation: You can fly. [Tengu growth]
  3004 | D:3      | Reached XP level 5. HP: 28/28 MP: 2/10
  3398 | D:3      | Noticed Crazy Yiuf
  3407 | D:3      | Killed Crazy Yiuf
  3407 | D:3      | Reached skill level 4 in Conjurations
  3828 | D:3      | Reached XP level 6. HP: 22/32 MP: 5/12
  4481 | D:4      | Reached skill level 5 in Conjurations
  4644 | D:4      | Noticed Dirian's ghost (amateur MiFi)
  4715 | D:4      | Killed Dirian's ghost
  4715 | D:4      | Reached XP level 7. HP: 36/36 MP: 1/14
  4879 | D:4      | Reached skill level 6 in Conjurations
  4880 | D:4      | Reached skill level 6 in Fire Magic
  5201 | D:5      | Entered Level 5 of the Dungeon
  5218 | D:5      | Found a hide-covered altar of Uskayaw.
  5219 | D:5      | Found a hazy altar of Hepliaklqana.
  5221 | D:5      | Found a blossoming altar of Fedhas.
  5221 | D:5      | Found a burning altar of Makhleb.
  5272 | D:5      | Found a white marble altar of Elyvilon.
  5778 | D:5      | Reached XP level 8. HP: 40/41 MP: 6/16
  5872 | D:5      | Noticed Edmund
  5882 | D:5      | Killed Edmund
  6036 | D:5      | Reached skill level 7 in Conjurations
  6367 | D:5      | Noticed Grinder
  6379 | D:5      | Learned a level 5 spell: Fireball
  6385 | D:5      | Paralysed by Grinder for 3 turns
  6390 | D:5      | Killed Grinder
  6581 | D:6      | Reached skill level 8 in Conjurations
  6652 | D:6      | Reached skill level 6 in Spellcasting
  6658 | D:6      | Learned a level 4 spell: Sticky Flame
  6729 | D:6      | Found a hazy altar of Hepliaklqana.
  6838 | D:6      | Found a sand-covered staircase.
  6860 | Ossuary  | Entered an ossuary
  6869 | Ossuary  | Reached XP level 9. HP: 45/45 MP: 15/19
  7119 | Ossuary  | Noticed Menkaure
  7133 | Ossuary  | Killed Menkaure
  7294 | Ossuary  | Reached skill level 9 in Conjurations
  8832 | D:7      | Reached skill level 9 in Fire Magic
  8835 | D:7      | Found a staircase to the Ecumenical Temple.
  8884 | Temple   | Entered the Ecumenical Temple
  8941 | Temple   | Became a worshipper of Vehumet
  9062 | D:7      | Reached skill level 10 in Conjurations
  9152 | D:7      | Noticed Joseph
  9307 | D:7      | Killed Joseph
  9307 | D:7      | Reached XP level 10. HP: 11/50 MP: 2/22
  9583 | D:7      | Noticed an oklob plant
  9679 | D:7      | Reached * piety under Vehumet
  9679 | D:7      | Offered knowledge of Magic Dart by Vehumet.
 10120 | D:8      | Reached skill level 11 in Conjurations
 10438 | D:8      | Offered knowledge of Sandblast by Vehumet.
 10439 | D:8      | Reached ** piety under Vehumet
 11493 | D:9      | Noticed HEYYEYAAE's ghost (novice DgEE)
 11534 | D:9      | Offered knowledge of Ignite Poison by Vehumet.
 11703 | D:9      | HP: 1/50 [HEYYEYAAE's ghost/stone arrow (23)]
 11713 | D:9      | Killed HEYYEYAAE's ghost
 12025 | D:10     | Entered Level 10 of the Dungeon
 12027 | D:10     | Reached skill level 12 in Conjurations
 12101 | D:10     | Reached XP level 11. HP: 51/54 MP: 15/24
 12104 | D:10     | Reached skill level 9 in Spellcasting
 12335 | D:10     | Reached *** piety under Vehumet
 12382 | D:10     | Noticed Erolcha
 12386 | D:10     | Killed Erolcha
 12464 | D:10     | Found a glowing golden altar of the Shining One.
 12464 | D:10     | Found a runed door.
 12464 | D:10     | Noticed an angel
 12540 | D:10     | Offered knowledge of Static Discharge by Vehumet.
 12827 | D:10     | Noticed Fannar
 12838 | D:10     | Killed Fannar
 13013 | D:10     | Noticed a centaur warrior
 13018 | D:10     | Identified Sif Muna's Incunabulum of Enthralling Creation
 13030 | D:10     | Noticed an unseen horror
 13032 | D:10     | Killed an unseen horror
 13032 | D:10     | Reached skill level 13 in Conjurations
 13177 | D:10     | Slain by a centaur warrior

Skill      XL: |  1  2  3  4  5  6  7  8  9 10 11 |
---------------+----------------------------------+-----
Conjurations   | 2 3 4 5 6 8 10 12 13 | 13.1
Fire Magic     | 4 5 6 7 9 10 11 | 11.6
Spellcasting   | 3 4 6 7 8 9 |  9.7
Dodging        | |  2.1
Stealth        | |  2.0

Action                   |  1- 3 |  4- 6 |  7- 9 | 10-12 || total
-------------------------+-------+-------+-------+-------++-------
Melee: Unarmed           |       |     7 |       |       ||     7
       Kick              |       |     2 |    20 |    16 ||    38
       Spear             |       |    19 |   105 |    53 ||   177
       Peck              |       |       |    16 |     5 ||    21
       Staff             |       |       |       |    21 ||    21
 Cast: Flame Tongue      |    81 |   134 |   262 |   137 ||   614
       Conjure Flame     |     1 |     8 |    24 |    11 ||    44
       Fireball          |       |       |    11 |    35 ||    46
       Sticky Flame      |       |       |     7 |    17 ||    24
Evoke: Wand              |       |     2 |     4 |     2 ||     8
  Use: Scroll            |       |       |    16 |     4 ||    20
       Potion            |       |       |       |     6 ||     6
 Stab: Sleeping          |       |       |     1 |     1 ||     2
  Eat: Chunk             |     3 |    10 |    15 |    14 ||    42
       Ration            |       |       |     1 |     3 ||     4
Armor: Robe              |    10 |     9 |    21 |    35 ||    75
Dodge: Dodged            |    29 |    55 |    88 |   100 ||   272
